 Dungeon Crawl Stone Soup version 0.25-a0-308-geac7954 (webtiles) character file.

Game seed: 8168807200613862018, levelgen mode: deterministic

274011 Anathematize the Warrior (level 19, -6/167 HPs)
             Began as a Demonspawn Gladiator on Dec 20, 2019.
             Was the Champion of Dithmenos.
             Killed from afar by a Tzitzimitl (49 damage)
             ... with a bolt of cold
             ... summoned by a deep elf demonologist
             ... on level 1 of the Elven Halls on Dec 21, 2019.
             The game lasted 04:26:57 (61558 turns).

Anathematize the Warrior (Demonspawn Gladiator)    Turns: 61558, Time: 04:26:57

Health: -6/167     AC: 24    Str: 16    XL:     19   Next: 90%
Magic:  28/28      EV: 11    Int: 29    God:    Dithmenos [******]
Gold:   796        SH:  8    Dex: 14    Spells: 9/30 levels left

rFire    + + .     SeeInvis +   U - +9 fustibalus (flame)
rCold    . . .     Gourm    .   x - +0 buckler
rNeg     + . .     Faith    .   t - +8 fire dragon scales
rPois    .         Spirit   .   (helmet unavailable)
rElec    .         Reflect  +   M - +0 cloak
rCorr    .         Harm     .   V - +2 pair of gloves
MR       +++..                  (no boots)
Stlth    ++++++++++             j - amulet "Jomy" {Reflect rN+ Int+8 SH+3 SInv}
HPRegen  0.37/turn              Q - ring of protection from magic
MPRegen  0.21/turn              W - ring of protection from cold

@: wreathed by umbra
A: antennae 3, rugged brown scales 3, clever 2, magic resistance 1, nightstalker
2, powered by death 2
}: 1/15 runes: barnacled
a: Shadow Step, Shadow Form, Renounce Religion


You were on level 1 of the Elven Halls.
You worshipped Dithmenos.
Dithmenos was exalted by your worship.
You were hungry.

You visited 8 branches of the dungeon, and saw 36 of its levels.
You also visited: Wizlab.

You collected 3356 gold pieces.
You spent 2560 gold pieces at shops.

Inventory:

Hand Weapons
 b - the +2 dagger of Wuxi {pierce, rElec MR+}
   (You found it on level 12 of the Dungeon)

   It inflicts extra damage upon your enemies.
   It insulates you from electricity.
   It affects your resistance to hostile enchantments.
 G - a +3 scimitar
 U - a +9 fustibalus of flaming (weapon)
Missiles
 d - 7 throwing nets
 s - 1048 stones
 C - 2 curare-tipped darts
 H - 4 boomerangs of dispersal
 K - 296 sling bullets (quivered)
Armour
 t - +8 fire dragon scales (worn)
 x - a +0 buckler (worn)
 M - a +0 cloak (worn)
 V - a +2 pair of gloves (worn)
Magical Staves
 m - an uncursed staff of energy
Jewellery
 g - an uncursed ring of wizardry
 i - the ring "Ahohebb" {rCorr Int+3}
   (You found it in a wizard's laboratory)

   [ring of resist corrosion]

   It affects your intelligence (+3).
   It provides partial protection from all sources of acid and corrosion.
 j - the amulet "Jomy" (around neck) {Reflect rN+ Int+8 SH+3 SInv}
   (You bought it in a shop on level 6 of the Dungeon)

   [amulet of reflection]

   It shields you and reflects attacks.
   It affects your intelligence (+8).
   It protects you from negative energy.
   It lets you see invisible.
   It affects your SH (+3).
 k - an uncursed amulet of regeneration
 B - an uncursed ring of poison resistance
 Q - a ring of protection from magic (left hand)
 W - a ring of protection from cold (right hand)
 X - a +3 ring of slaying
 Z - an uncursed ring of positive energy
Wands
 E - a wand of digging (1)
Scrolls
 c - 7 scrolls of summoning
 h - 7 scrolls of magic mapping
 q - 19 scrolls of remove curse
 r - 3 scrolls of enchant weapon
 u - 6 scrolls of immolation
 v - 3 scrolls of blinking
 w - 6 scrolls of fog
 y - 11 scrolls of identify
 A - 4 scrolls of teleportation
 D - a scroll of silence
 F - 2 scrolls of enchant armour
 J - 2 scrolls of acquirement
 O - 3 scrolls of noise
 T - 11 scrolls of amnesia
Potions
 a - 2 potions of resistance
 e - 6 potions of flight
 l - 3 potions of magic
 n - 4 potions of haste
 o - a potion of berserk rage
 p - 4 potions of heal wounds
 z - 18 potions of mutation
 I - 5 potions of lignification
 L - 3 potions of might
 N - 6 potions of curing
 P - 2 potions of agility
 R - 2 potions of ambrosia
Comestibles
 f - 43 rations


   Skills:
 + Level 16.1 Fighting
 - Level 10.0(11.9) Short Blades
 * Level 10.8(12.2) Long Blades
   Level 3.3 Axes
 - Level 13.5(14.0) Slings
 - Level 6.0(10.7) Throwing
 - Level 4.0 Armour
 - Level 4.0 Dodging
 + Level 16.0 Stealth
 - Level 4.0 Shields
 - Level 6.1 Spellcasting
 + Level 13.2 Hexes
 - Level 4.0 Translocations
 - Level 5.0 Air Magic
 - Level 5.0 Poison Magic


You had 9 spell levels left.
You knew the following spells:

 Your Spells              Type           Power        Failure   Level  Hunger
a - Apportation           Tloc           ####..       4%          1    None
b - Blink                 Tloc           N/A          7%          2    None
c - Confuse               Hex            ######..     1%          3    None
d - Tukima's Dance        Hex            ######..     1%          3    None
i - Invisibility          Hex            ######..     17%         6    ######.
r - Regeneration          Chrm/Necr      #.........   58%         3    None
t - Confusing Touch       Hex            ######       1%          1    None
v - Poisonous Vapours     Pois/Air       #####.       4%          2    None

Your spell library contained the following spells:

 Spells                   Type           Power        Failure   Level  Hunger
 Slow                     Hex            ######..     1%          2    None
 Spectral Weapon          Hex/Chrm       #####...     4%          3    None
 Sting                    Tmut/Pois      ###.         9%          1    None
 Corpse Rot               Necr/Air       N/A          14%         2    None
 Gell's Gravitas          Tloc           ####......   14%         3    None
 Lesser Beckoning         Tloc           ####......   14%         3    None
 Shroud of Golubria       Chrm/Tloc      ###...       17%         2    None
 Mephitic Cloud           Conj/Pois/Air  ####....     19%         3    None
 Animate Skeleton         Necr           N/A          26%         1    None
 Beastly Appendage        Tmut           #.....       26%         1    None
 Freeze                   Ice            #...         26%         1    None
 Infusion                 Chrm           #...         26%         1    None
 Magic Dart               Conj           #...         26%         1    None
 Pain                     Necr           #...         26%         1    None
 Summon Butterflies       Summ           #.......     26%         1    None
 Summon Small Mammal      Summ           #...         26%         1    None
 Spider Form              Tmut/Pois      ###.......   26%         3    None
 Olgreb's Toxic Radiance  Pois           #####...     32%         4    ###....
 Call Imp                 Summ           #.......     36%         2    None
 Song of Slaying          Chrm           #.......     36%         2    None
 Sticks to Snakes         Tmut           #.......     36%         2    None
 Sublimation of Blood     Necr           #.........   36%         2    None
 Ignite Poison            Fire/Tmut/Pois ###.....     36%         3    None
 Metabolic Englaciation   Hex/Ice        #####.....   43%         5    #####..
 Yara's Violent Unravell  Hex/Tmut       #####.....   43%         5    #####..
 Conjure Flame            Conj/Fire      #.......     58%         3    None
 Ozocubu's Armour         Chrm/Ice       #.......     58%         3    None
 Vampiric Draining        Necr           #.........   58%         3    None
 Animate Dead             Necr           N/A          94%         4    ###....
 Hailstorm                Conj/Ice       #.......     94%         4    ###....
 Ice Form                 Ice/Tmut       #.......     94%         4    ###....
 Petrify                  Tmut/Erth      #.......     94%         4    ###....
 Summon Ice Beast         Ice/Summ       #.......     94%         4    ###....
 Alistair's Intoxication  Tmut/Pois      ###.....     94%         5    #####..
 Agony                    Necr           #.......     100%        5    #####..
 Blade Hands              Tmut           #.........   100%        5    #####..
 Dispel Undead            Necr           #.......     100%        5    #####..
 Excruciating Wounds      Chrm/Necr      #.........   100%        5    #####..
 Death Channel            Necr           #.........   100%        6    ######.
 Freezing Cloud           Conj/Ice/Air   ###.......   100%        6    ######.
 Statue Form              Tmut/Erth      #........    100%        6    ######.
 Dragon Form              Tmut           #.........   100%        7    #######
 Ring of Flames           Chrm/Fire      #.........   100%        7    #######


Dungeon Overview and Level Annotations

Branches:
Dungeon (15/15)            Temple (1/1) D:6            Lair (6/6) D:11
 Shoals (4/4) Lair:3        Snake (4/4) Lair:3        Slime (0/5) Lair:5
    Orc (2/2) D:11            Elf (1/3) Orc:2        Vaults (3/5) D:13
  Crypt (0/3) Vaults:3     WizLab (visited)
 Depths: D:15

Altars:
Ashenzari
Dithmenos
Elyvilon
Hepliaklqana
Sif Muna
Trog
Wu Jian
Xom
The Shining One
Jiyva

Shops:
D:6 }=   D:8 !   Orc:2 **?=   Shoals:2 (   Shoals:4 %

Annotations:
D:5 1 runed translucent door, exclusion: door
D:7 1 runed translucent door, exclusion: door, Crazy Yiuf
D:8 exclusion: downstairs
D:10 exclusion: downstairs
D:13 2 runed translucent doors, exclusion: 2 doors
D:15 exclusion: door
Lair:5 3 runed translucent doors, Antroll's ghost, journeyman DrVM; Icajaot's ghost, journeyman DsAs
Shoals:2 3 runed translucent doors, exclusion: 3 doors
Shoals:3 Roxanne
Snake:3 exclusion: downstairs
Snake:4 Agnes
Vaults:2 exclusion: downstairs


Innate Abilities, Weirdness & Mutations

You have a pair of large antennae on your head. (SInv)
You are completely covered in rugged brown scales. (AC +3, +7% HP)
You are significantly more attuned to the shadows.
You regenerate health from kills.
Your mind is very acute. (Int +4)
You are resistant to hostile enchantments. (MR+)


Message History

The sling bullet burns the Tzitzimitl!
The Tzitzimitl is heavily wounded.
The Tzitzimitl calls on the powers of darkness!
The deep elf demonologist convulses!
Your body is wracked with pain!
You emit a cloud of dark smoke.
The deep elf knight convulses!
The deep elf knight shoots an arrow.
The arrow hits you!
The deep elf demonologist mumbles some strange words.
Things that are here:
a dagger; a +0 long sword; 4 arrows
Items here: ( ))))) [[[ You see here 2 arrows.
The Tzitzimitl calls on the powers of darkness!
The deep elf mage convulses!
Your body is wracked with pain!
* * * LOW HITPOINT WARNING * * *
You emit a cloud of dark smoke.
The Tzitzimitl gestures at you. The bolt of negative energy misses you.
The Tzitzimitl gestures at you. The bolt of cold hits you!!!
You die...

######## ##......##
#..8.....# ##........##
###..........#
#.........)..# #####
#.#.8.....8..#
##...####.#........(.#
#....@....#.....8.)).#
####§§...###........))<.#
...§§§...# #.#.....8.).)#
###§§...# #.#).......(.#
##1§§..# #.#.8.....8(.#
##§#§§§## #)...........#
.# ##{######
###..........# #.# ##{##
##........## #e# ##{##
#..8.....#


You could see a Tzitzimitl.

Vanquished Creatures
  Mara (Shoals:4)
  Margery (Vaults:2)
  A mutant beast (WizLab)
  Jorgrun (Shoals:1)
  3 krakens
  Polyphemus (Shoals:3)
  A sphinx (Vaults:3)
  Donald (Snake:3)
  2 nagarajas (Snake:3)
  Ilsuiw (Shoals:3)
  An azure jelly (shapeshifter) (WizLab)
  Kirke (Shoals:4)
  Aizul (Snake:2)
  A frost giant (Shoals:4)
  A vault warden (Vaults:1)
  4 ironheart preservers
  8 very ugly things
  3 entropy weavers
  3 stone giants (Vaults:2)
  A deep elf annihilator (Elf:1)
  2 merfolk javelineers
  An eidolon (Vaults:3)
  A deep elf death mage (Vaults:2)
  11 merfolk impalers
  Josephine (D:11)
  5 yaktaur captains
  Harold (D:7)
  3 ogre magi
  8 naga warriors
  8 vault guards
  3 ice dragons
  8 hydras
  8 centaur warriors
  6 merfolk avatars
  16 two-headed ogres
  3 death knights
  4 catoblepae
  5 satyrs
  6 death yaks
  A queen ant (Lair:4)
  6 anacondas
  2 tengu warriors
  4 merfolk aquamancers
  2 deep troll earth magi (Vaults:1)
  3 orc high priests (Orc:2)
  4 shock serpents
  An iron golem (WizLab)
  7 deep elf knights
  6 naga sharpshooters
  A shadow wraith (Vaults:2)
  A salamander mystic (Snake:2)
  2 fire crabs (shapeshifter)
  4 hell knights (Vaults:2)
  7 sea snakes
  5 skeletal warriors
  An unseen horror (Vaults:1)
  2 deep trolls (Vaults:1)
  9 ironbrand convokers
  An obsidian statue (Vaults:1)
  A flayed ghost (Vaults:2)
  4 naga ritualists
  5 deep elf archers (Elf:1)
  10 orc knights
  5 necromancers
  3 wizards
  3 lindwurms (Lair:6)
  6 mana vipers
  17 harpies
  4 wolf spiders
  16 ugly things
  16 manticores
  22 deep elf magi
  6 orc sorcerers
  8 salamanders
  12 cyclopes
  23 fauns
  34 black mambas
  7 large abominations (WizLab)
  2 guardian serpents (Snake:2)
  An elephant (shapeshifter) (WizLab)
  12 merfolk sirens
  5 water nymphs
  Psyche (D:8)
  2 elephants (Lair:6)
  Maurice (D:8)
  2 vault sentinels (Vaults:1)
  3 guardian serpents (shapeshifter) (WizLab)
  11 naga magi
  2 gargoyles
  A torpor snail (Lair:6)
  A kobold demonologist (D:14)
  10 spiny frogs
  3 komodo dragons
  3 rime drakes (Lair:6)
  4 centaur skeletons
  A komodo dragon (shapeshifter) (WizLab)
  2 yaktaur skeletons (Vaults:2)
  19 yaktaurs
  2 yaktaurs (shapeshifter) (WizLab)
  7 freezing wraiths
  A troll (shapeshifter) (WizLab)
  6 trolls
  A merfolk (shapeshifter) (WizLab)
  A meliai (shapeshifter) (WizLab)
  A polar bear (shapeshifter) (Vaults:2)
  37 merfolk
  A polar bear (Lair:5)
  16 blink frogs
  2 hornets (shapeshifter) (WizLab)
  2 wind drakes
  2 hornets
  16 dream sheep
  11 hippogriffs
  14 slime creatures
  A stone giant simulacrum (Vaults:2)
  2 dancing weapons
  10 snapping turtles
  3 blink frogs (shapeshifter)
  A centaur simulacrum (D:15)
  8 water elementals
  A redback (Vaults:3)
  2 air elementals (Elf:1)
  3 tarantellas (shapeshifter)
  2 fire elementals (Elf:1)
  2 hogs (Shoals:4)
  A vampire (D:14)
  28 yaks
  A hog (shapeshifter) (WizLab)
  2 golden eyes (shapeshifter)
  9 wraiths
  3 basilisks
  2 hungry ghosts
  20 humans (D:13)
  A steam dragon (D:14)
  5 wargs
  A swamp worm (shapeshifter) (Vaults:1)
  19 soldier ants
  28 nagas
  6 small abominations (WizLab)
  13 porcupines
  10 water moccasins
  4 floating eyes (WizLab)
  2 eyes of draining (shapeshifter) (WizLab)
  A black bear (shapeshifter) (WizLab)
  8 ice beasts
  3 black bears
  2 phantoms
  2 sky beasts
  3 eyes of draining
  28 orc warriors
  An ettin simulacrum (Vaults:2)
  11 ogres
  8 boggarts
  A necrophage (D:6)
  14 crocodiles
  14 wolves
  22 centaurs
  A big kobold (shapeshifter) (WizLab)
  4 big kobolds
  14 bullfrogs
  An earth elemental (Elf:1)
  A bullfrog (shapeshifter) (WizLab)
  A hornet simulacrum (D:14)
  3 scorpions
  4 howler monkeys
  18 wights
  5 crimson imps
  3 bullfrog zombies
  5 centaur zombies
  4 bullfrog skeletons
  16 orc priests
  5 hounds
  10 jellies
  21 orc wizards
  Natasha (thrice) (D:3 D:2)
  5 iguanas
  26 worker ants
  A killer bee zombie (D:10)
  A hound zombie (D:6)
  3 hound skeletons
  Robin (D:3)
  4 worker ant zombies
  8 adders
  5 shadow imps
  A white imp (Vaults:1)
  6 oozes
  2 worms
  6 dart slugs
  9 leopard geckos
  56 orcs
  A ball python (D:4)
  8 bats
  4 giant cockroaches
  17 goblins
  8 hobgoblins
  7 jackals
  35 kobolds
  5 quokkas
  7 frilled lizards
  6 rats (D:1)
  3 plants
  3 tentacles
1279 creatures vanquished.

Vanquished Creatures (collateral kills)
  Asterion (Snake:3)
  A merfolk impaler (Shoals:4)
  A merfolk javelineer (Shoals:4)
  5 two-headed ogres
  4 merfolk
  An ogre (Vaults:1)
13 creatures vanquished.

Vanquished Creatures (others)
  A yaktaur captain (Vaults:2)
  A deep elf knight (Vaults:2)
  2 fauns (Shoals:1)
  A salamander (Snake:2)
  A cyclops (Shoals:4)
  2 yaktaurs
  3 merfolk
  24 dancing weapons
  A human (Shoals:4)
  An orc warrior (Vaults:2)
  An orc (D:14)
  49 fungi
  36 plants
  115 tentacles
238 creatures vanquished.

Grand Total: 1530 creatures vanquished

Notes
Turn   | Place    | Note
-------+----------+-------------------------------------------
     0 | D:1      | Anathematize the Demonspawn Gladiator began the quest for
                  | the Orb.
     0 | D:1      | Reached XP level 1. HP: 16/16 MP: 1/1
     0 | D:1      | Noticed a merfolk zombie
    16 | D:1      | Noticed a minotaur zombie
    20 | D:1      | Noticed a merfolk zombie
   151 | D:1      | Gained mutation: You are slightly more attuned to the
                  | shadows. [demonic ancestry]
   151 | D:1      | Reached XP level 2. HP: 16/22 MP: 2/2
   647 | D:1      | Gained mutation: You regenerate a little health from kills.
                  | [demonic ancestry]
   647 | D:1      | Reached XP level 3. HP: 27/28 MP: 3/3
  1428 | D:2      | Reached skill level 1 in Short Blades
  1651 | D:2      | Reached skill level 1 in Stealth
  1904 | D:2      | Gained mutation: You have a pair of small antennae on your
                  | head. [demonic ancestry]
  1904 | D:2      | Reached XP level 4. HP: 34/34 MP: 4/4
  2383 | D:3      | Noticed Natasha
  2392 | D:3      | Killed Natasha
  2521 | D:3      | Noticed Robin
  2572 | D:3      | Noticed Natasha
  2580 | D:3      | Killed Natasha
  2591 | D:3      | Noticed Natasha
  2702 | D:2      | Killed Natasha
  2702 | D:2      | Gained mutation: You regenerate health from kills. [demonic
                  | ancestry]
  2702 | D:2      | Reached XP level 5. HP: 27/41 MP: 5/5
  2931 | D:3      | Killed Robin
  3378 | D:3      | Found a glowing golden altar of the Shining One.
  3378 | D:3      | Found a white marble altar of Elyvilon.
  3553 | D:4      | Noticed an ogre
  3588 | D:3      | Killed an ogre
  3588 | D:3      | Reached XP level 6. HP: 40/47 MP: 6/6
  3740 | D:4      | Found Rochy's Jewellery Emporium.
  4185 | D:5      | Entered Level 5 of the Dungeon
  4315 | D:5      | Got a fine hunting sling
  4357 | D:5      | Reached XP level 7. HP: 53/53 MP: 7/7
  5018 | D:5      | Found a runed translucent door.
  5212 | D:6      | Found Ogher's Gadget Shoppe.
  5394 | D:6      | Identified the cursed +2 hunting sling "Afier" {venom,
                  | *Corrode Str+5 Dex+6} (You found it on level 5 of the
                  | Dungeon)
  5607 | D:6      | Reached skill level 5 in Short Blades
  5607 | D:6      | Gained mutation: You are partially covered in rugged brown
                  | scales. (AC +1, +3% HP) [demonic ancestry]
  5607 | D:6      | Reached XP level 8. HP: 55/62 MP: 8/8
  5671 | D:6      | Found Tiafaw's Jewellery Shop.
  6021 | D:6      | Found the +0 staff of Battle
  6208 | D:6      | Found a staircase to the Ecumenical Temple.
  6461 | D:7      | Reached skill level 5 in Fighting
  6470 | D:7      | Noticed Harold
  6593 | Temple   | Entered the Ecumenical Temple
  6614 | Temple   | Became a worshipper of Dithmenos the Shadowed
  6966 | D:7      | Killed Harold
  6966 | D:7      | Reached skill level 5 in Throwing
  6966 | D:7      | Reached skill level 5 in Stealth
  6966 | D:7      | Gained mutation: You are significantly more attuned to the
                  | shadows. [demonic ancestry]
  6966 | D:7      | Reached XP level 9. HP: 47/71 MP: 9/9
  7612 | D:7      | Found a runed translucent door.
  7614 | D:7      | Noticed Crazy Yiuf
  7933 | D:8      | Found Koenno's Distillery.
  8039 | D:8      | Noticed Maurice
  8085 | D:8      | Killed Maurice
  8651 | D:8      | Reached * piety under Dithmenos
  8974 | D:8      | Noticed Psyche
  8984 | D:8      | Killed Psyche
  8984 | D:8      | Gained mutation: You are mostly covered in rugged brown
                  | scales. (AC +2, +5% HP) [demonic ancestry]
  8984 | D:8      | Reached XP level 10. HP: 62/80 MP: 10/10
 10520 | D:9      | Noticed a two-headed ogre
 10531 | D:9      | Killed a two-headed ogre
 10531 | D:9      | Reached skill level 1 in Shields
 10775 | D:10     | Entered Level 10 of the Dungeon
 10907 | D:10     | Reached ** piety under Dithmenos
 11808 | D:9      | Noticed a cyclops
 11813 | D:9      | Killed a cyclops
 11823 | D:9      | Reached XP level 11. HP: 90/90 MP: 11/11
 11959 | D:9      | Noticed a cyan ugly thing
 11961 | D:9      | Noticed a harpy
 12222 | D:10     | Reached skill level 10 in Short Blades
 12821 | D:11     | Reached *** piety under Dithmenos
 12944 | D:11     | Found a staircase to the Orcish Mines.
 13204 | D:6      | Bought a +3 ring of slaying for 585 gold pieces
 13475 | D:11     | Learned a level 2 spell: Poisonous Vapours
 13883 | D:11     | Reached skill level 1 in Poison Magic
 14067 | D:11     | Found a staircase to the Lair.
 14094 | D:11     | Reached skill level 1 in Spellcasting
 14124 | D:11     | Noticed a two-headed ogre
 14151 | D:11     | Killed a two-headed ogre
 14342 | D:11     | Learned a level 2 spell: Blink
 14474 | Lair:1   | Entered Level 1 of the Lair of Beasts
 15527 | Lair:2   | Reached **** piety under Dithmenos
 15732 | Lair:2   | Gained mutation: You are completely covered in rugged brown
                  | scales. (AC +3, +7% HP) [demonic ancestry]
 15732 | Lair:2   | Reached XP level 12. HP: 93/101 MP: 16/16
 15786 | Lair:2   | Gained mutation: Your spells are a little harder to cast,
                  | but a little more powerful. [potion of mutation]
 15786 | Lair:2   | Gained mutation: Scrolls take you a little longer to read.
                  | [potion of mutation]
 15786 | Lair:2   | Gained mutation: You are robust. (+10% HP) [potion of
                  | mutation]
 15949 | Lair:2   | Reached skill level 5 in Poison Magic
 15981 | Lair:2   | Lost mutation: Your spells are a little harder to cast, but
                  | a little more powerful. [potion of mutation]
 15981 | Lair:2   | Lost mutation: You are robust. (+10% HP) [potion of
                  | mutation]
 15981 | Lair:2   | Lost mutation: Scrolls take you a little longer to read.
                  | [potion of mutation]
 15981 | Lair:2   | Gained mutation: Your mind is acute. (Int +2) [potion of
                  | mutation]
 15981 | Lair:2   | Gained mutation: Your mind is very acute. (Int +4) [potion
                  | of mutation]
 15981 | Lair:2   | Gained mutation: You are resistant to hostile enchantments.
                  | (MR+) [potion of mutation]
 16350 | Lair:2   | Reached skill level 1 in Translocations
 16696 | Lair:2   | Reached skill level 1 in Armour
 16954 | Lair:3   | Noticed a four-headed hydra
 16978 | Lair:3   | Killed a four-headed hydra
 17497 | Lair:3   | Found a staircase to the Snake Pit.
 17786 | Lair:3   | Found a staircase to the Shoals.
 17883 | Lair:3   | Noticed a seven-headed hydra
 17884 | Lair:3   | Killed a seven-headed hydra
 18473 | Lair:4   | Noticed a six-headed hydra
 18562 | Lair:4   | Killed a six-headed hydra
 18562 | Lair:4   | Reached skill level 1 in Slings
 18668 | Lair:4   | Reached skill level 1 in Air Magic
 19535 | Lair:4   | Reached skill level 10 in Fighting
 20300 | Lair:4   | Noticed a queen ant
 20454 | Lair:4   | Killed a queen ant
 20535 | Lair:4   | Reached XP level 13. HP: 110/110 MP: 12/20
 20704 | Lair:4   | Noticed an entropy weaver
 20863 | Lair:4   | Noticed an entropy weaver
 20968 | Lair:4   | Killed an entropy weaver
 21137 | Lair:4   | Killed an entropy weaver
 21137 | Lair:4   | Reached skill level 5 in Spellcasting
 21653 | Lair:5   | Found a viscous altar of Jiyva.
 21653 | Lair:5   | Found a staircase to the Slime Pits.
 21984 | Lair:5   | Found a runed translucent gate.
 22160 | Lair:5   | Found a runed translucent gate.
 22164 | Lair:5   | Found a runed translucent gate.
 22165 | Lair:5   | Noticed Antroll's ghost (journeyman DrVM)
 22165 | Lair:5   | Noticed Icajaot's ghost (journeyman DsAs)
 22292 | Lair:5   | Reached skill level 10 in Stealth
 22689 | Lair:5   | Reached ***** piety under Dithmenos
 23060 | Orc:1    | Entered Level 1 of the Orcish Mines
 23842 | Orc:2    | Entered Level 2 of the Orcish Mines
 23945 | Orc:1    | Reached skill level 5 in Slings
 24199 | Orc:2    | Found a staircase to the Elven Halls.
 25081 | Orc:2    | Found Fialighi's General Store.
 25084 | Orc:2    | Found Xuecoopt's General Store.
 25327 | Orc:2    | Found Suopociu's Jewellery Shoppe.
 25341 | Orc:2    | Found Uriarcha's Magic Scroll Shop.
 25359 | Orc:2    | Bought an uncursed ring of protection from cold for 400
                  | gold pieces
 25375 | Orc:2    | Bought a scroll of teleportation for 45 gold pieces
 25375 | Orc:2    | Bought a scroll of enchant weapon for 112 gold pieces
 25375 | Orc:2    | Bought a scroll of enchant weapon for 112 gold pieces
 25375 | Orc:2    | Bought a scroll of teleportation for 45 gold pieces
 25375 | Orc:2    | Bought a scroll of enchant weapon for 112 gold pieces
 25375 | Orc:2    | Bought a scroll of identify for 30 gold pieces
 25375 | Orc:2    | Bought a scroll of identify for 30 gold pieces
 25375 | Orc:2    | Bought a scroll of identify for 30 gold pieces
 25395 | Orc:2    | Bought a scroll of identify for 32 gold pieces
 25395 | Orc:2    | Bought a scroll of teleportation for 48 gold pieces
 25395 | Orc:2    | Bought a scroll of identify for 32 gold pieces
 25671 | D:12     | Reached ****** piety under Dithmenos
 25759 | D:12     | Noticed Josephine
 25779 | D:11     | Killed Josephine
 26098 | D:12     | Got a warped dagger
 26105 | D:12     | Identified the +2 dagger of Wuxi {pierce, rElec MR+} (You
                  | found it on level 12 of the Dungeon)
 26465 | D:13     | Reached XP level 14. HP: 120/120 MP: 21/21
 26482 | D:13     | Learned a level 1 spell: Apportation
 26489 | D:13     | Learned a level 6 spell: Invisibility
 26812 | D:13     | Learned a level 3 spell: Confuse
 26814 | D:13     | Learned a level 1 spell: Confusing Touch
 26900 | D:13     | Reached skill level 5 in Air Magic
 27166 | D:13     | Reached skill level 1 in Hexes
 27477 | D:13     | Found a large runed translucent door.
 27484 | D:13     | Found a large runed translucent door.
 28342 | D:13     | Found a gate to the Vaults.
 30175 | D:15     | Entered Level 15 of the Dungeon
 31847 | Lair:5   | Reached skill level 5 in Hexes
 31856 | Lair:6   | Entered Level 6 of the Lair of Beasts
 32546 | Lair:6   | Reached XP level 15. HP: 128/128 MP: 22/22
 32585 | Lair:6   | Identified a scroll of acquirement
 34794 | Lair:6   | Learned a level 3 spell: Regeneration
 34943 | Shoals:1 | Entered Level 1 of the Shoals
 35535 | Shoals:1 | Noticed Jorgrun
 35557 | Shoals:1 | Killed Jorgrun
 35895 | Shoals:1 | Learned a level 3 spell: Tukima's Dance
 36162 | Shoals:1 | Reached skill level 10 in Slings
 37838 | Shoals:2 | Found a runed translucent gate.
 37838 | Shoals:2 | Found a runed translucent gate.
 37838 | Shoals:2 | Found a runed translucent gate.
 38401 | Shoals:2 | Found Heniuke's Weapon Boutique.
 38564 | Shoals:2 | Reached XP level 16. HP: 138/138 MP: 25/25
 38576 | Shoals:2 | Noticed a kraken
 38644 | Shoals:2 | Killed a kraken
 39112 | Snake:1  | Entered Level 1 of the Snake Pit
 39200 | Snake:1  | Upgraded the game from 0.25-a0-306-g3faca94 to
                  | 0.25-a0-308-geac7954
 41027 | Snake:2  | Noticed Aizul
 43449 | Snake:2  | Killed Aizul
 44369 | Snake:3  | Noticed Asterion
 44372 | Snake:3  | Noticed an Executioner
 44380 | Snake:3  | Killed Asterion
 44802 | Snake:3  | Gained mutation: You have a pair of antennae on your head.
                  | [demonic ancestry]
 44802 | Snake:3  | Reached XP level 17. HP: 147/147 MP: 24/26
 44836 | Snake:3  | Noticed Donald
 44841 | Snake:3  | Killed Donald
 44973 | Snake:3  | Reached skill level 10 in Hexes
 45078 | Snake:4  | Entered Level 4 of the Snake Pit
 45088 | Snake:4  | Noticed Agnes
 45933 | Shoals:3 | Noticed Ilsuiw
 46490 | Shoals:3 | Killed Ilsuiw
 46634 | Shoals:3 | Noticed Polyphemus
 47313 | Shoals:3 | Identified Roxanne's Collected Works on Clay
 47313 | Shoals:3 | Noticed Roxanne
 48633 | Shoals:3 | Killed Polyphemus
 48819 | Shoals:4 | Entered Level 4 of the Shoals
 48958 | Shoals:4 | Noticed a kraken
 49006 | Shoals:4 | Killed a kraken
 49193 | Shoals:4 | Noticed Mara
 49311 | Shoals:3 | Noticed Anathematize's illusion
 49410 | Shoals:3 | Noticed Anathematize's illusion
 49712 | Shoals:3 | Noticed Anathematize's illusion
 49737 | Shoals:4 | Killed Mara
 49737 | Shoals:4 | Reached skill level 1 in Long Blades
 50172 | Shoals:4 | Found Yblakal's Food Boutique.
 50808 | Shoals:4 | Noticed Kirke
 51361 | Shoals:4 | Noticed a kraken
 51466 | Shoals:4 | Killed a kraken
 52054 | Shoals:4 | Killed Kirke
 52054 | Shoals:4 | Reached XP level 18. HP: 151/157 MP: 27/27
 52547 | Shoals:4 | Got a barnacled rune of Zot
 52897 | Vaults:1 | Entered Level 1 of the Vaults
 53026 | Vaults:1 | Reached skill level 5 in Long Blades
 54320 | Vaults:1 | Reached skill level 15 in Fighting
 54777 | Vaults:1 | Reached skill level 15 in Stealth
 55643 | Vaults:2 | Found a magical portal.
 56099 | WizLab   | Got a warped bronze ring
 56100 | WizLab   | Identified the ring "Ahohebb" {rCorr Int+3} (You found it
                  | in a wizard's laboratory)
 56369 | WizLab   | Identified the Handbook of Changing
 56371 | WizLab   | Identified Icliost's Handbook of Transmutation
 56374 | WizLab   | Identified Cigotuvi's Compendium of Dark Shape Shifting
 56742 | Vaults:2 | Gained mutation: You have a pair of large antennae on your
                  | head. (SInv) [demonic ancestry]
 56742 | Vaults:2 | Reached XP level 19. HP: 88/165 MP: 28/28
 59341 | Vaults:2 | Noticed Margery
 59402 | Vaults:2 | Killed Margery
 59402 | Vaults:2 | Reached skill level 10 in Long Blades
 60255 | Vaults:3 | Found a staircase to the Crypt.
 60801 | D:6      | Bought the amulet "Jomy" {Reflect rN+ Int+8 SH+3 SInv} for
                  | 622 gold pieces
 60801 | D:6      | Bought an uncursed ring of protection from magic for 325
                  | gold pieces
 61033 | Elf:1    | Entered Level 1 of the Elven Halls
 61540 | Elf:1    | Noticed a Tzitzimitl
 61558 | Elf:1    | Killed from afar by a Tzitzimitl

Levels and vault maps discovered:
D:1:      shiori_arrival_whats_in_store_for_you, layout_loops_corners,
          hangedman_abyss_or_decor_lesser_grid
D:2:      layout_loops_corners, first_ration, kennysheep_decorative_pillar,
          kennysheep_generic_room_5
D:3:      layout_rooms, gammafunk_temple_overflow_pools, uniq_natasha,
          uniq_robin
D:4:      layout_basic, serial_shops, shop, saegor_snake_ambush
D:5:      layout_loops_ring, lightli_church_of_beogh
D:6:      lemuel_ice_spiral_2, layout_basic, minmay_temple_entry_from_below_b,
          serial_shops, shop, shop, nrook_campfire
D:7:      layout_basic, uniq_harold, uniq_crazy_yiuf_cottage
D:8:      layout_loops_corners, serial_shops, shop, uniq_psyche, uniq_maurice
D:9:      minmay_klotski, layout_basic
D:10:     layout_small_grid
D:11:     layout_loops_ring, due_lair_maze_entry_diamond, david_orc_4,
          hangedman_little_slice_of_home
D:12:     layout_rooms, uniq_josephine
D:13:     layout_roguey, grunt_vaults_entry_tiered, jmf_multi_god_temple2
D:14:     layout_basic, infiniplex_staircase_pool_2, grunt_ministairs_5
D:15:     gammafunk_enter_depths_forms, layout_long_grid,
          minmay_misc_feat_secret_circle
Temple:   regret_index_temple_chain_breaker
Lair:1:   layout_regular_city
Lair:2:   layout_roguey
Lair:3:   layout_cave_pods, minmay_shoals_entry_hut,
          minmay_snake_entry_guardpost_small, grunt_megastairs_5,
          lemuel_fruit_tree
Lair:4:   layout_regular_city, zaba_antful_of_joy
Lair:5:   layout_small_grid, slime_altar_1, gammafunk_ghost_cemetery,
          serial_bayou_pond_d
Lair:6:   hangedman_lair_in_review, layout_regular_city, st_stairs_12
Shoals:1: layout_shoals, uniq_jorgrun
Shoals:2: layout_shoals, serial_shops, shop, ebering_ghost_rock_garden
Shoals:3: nzn_motion_control, layout_shoals, uniq_polyphemus, uniq_ilsuiw,
          uniq_roxanne
Shoals:4: shoals_end_grunt_ice, layout_shoals, serial_shops, nicolae_shop_trees,
          uniq_kirke, uniq_mara
Snake:1:  layout_onion, grunt_ministairs_3
Snake:2:  layout_gridlike, st_stairs_6, hangedman_snake_pattern,
          serial_bayou_shore_b, uniq_aizul
Snake:3:  layout_cave_town, serial_bayou_shore_b, uniq_donald, uniq_asterion
Snake:4:  grunt_snake_rune_pools, layout_cave_town, serial_shops, shop,
          nicolae_shop_temple_entry_statues_fountains, grunt_megastairs_4,
          uniq_agnes, uniq_nikola, uniq_vashnia
Orc:1:    layout_caves
Orc:2:    st_orc_elflike, layout_caves
Elf:1:    elf_arrival_002, layout_rooms, hangedman_corner_corridor
Vaults:1: nicolae_vaults_statue_guard, nicolae_vaults_hallways_thing,
          hangedman_vaults_restitches, serial_ice_m,
          nicolae_vaults_network_star, v_alt_pattern_5, v_misc_9,
          nicolae_vaults_stairing_the_circle, v_misc_30, layout_vaults_big_room
Vaults:2: hangedman_vaults_pinch, nicolae_vaults_holding_cells,
          nicolae_vaults_asterisk, v_alt_pattern_4,
          nicolae_vaults_little_squares_4, ontoclasm_vaults_fault,
          hangedman_vaults_nodes, hangedman_vaults_locks,
          vaults_mumra_minichess_inversion, nicolae_vaults_yaktaur_gun_rack,
          v_misc_8, v_misc_13, layout_vaults_maze_snakey,
          infiniplex_enter_wizlab_glasses, uniq_margery
Vaults:3: minmay_crypt_entry_simple_sparse, nicolae_vaults_angled_halls,
          nicolae_vaults_little_squares_1, hangedman_vaults_trim,
          grunt_vaults_bifocal, v_misc_25, layout_vaults_omnigrid

Skill      XL: |  1  2  3  4  5  6  7  8  9 10 11 12 13 14 15 16 17 18 19 |
---------------+----------------------------------------------------------+-----
Axes           | 3 |  3.3
Short Blades   | 1 2 3 5 6 8 9 10 | 10.0
Throwing       | 2 3 5 6 |  6.0
Stealth        | 1 2 3 5 6 7 8 9 10 11 12 13 14 15 16 | 16.0
Fighting       | 3 4 5 6 8 9 10 11 12 13 14 15 16 | 16.1
Shields        | 2 4 |  4.0
Poison Magic   | 4 5 |  5.0
Dodging        | 4 |  4.0
Spellcasting   | 2 4 5 6 |  6.1
Translocations | 4 |  4.0
Armour         | 3 4 |  4.0
Slings         | 2 7 9 10 12 13 | 13.5
Air Magic      | 1 4 5 |  5.0
Hexes          | 5 8 9 11 12 13 | 13.2
Long Blades    | 3 8 10 | 10.8

Action                   |  1- 3 |  4- 6 |  7- 9 | 10-12 | 13-15 | 16-18 | 19-21 || total
-------------------------+-------+-------+-------+-------+-------+-------+-------++-------
Melee: War axe           |   148 |    46 |       |       |       |       |       ||   194
       Falchion          |       |     3 |    27 |   120 |       |       |       ||   150
       Short sword       |       |       |    35 |   254 |    17 |       |       ||   306
       Rapier            |       |       |     1 |       |       |       |       ||     1
       Hunting sling     |       |       |     1 |       |       |       |       ||     1
       Dagger            |       |       |       |       |   200 |   827 |   360 ||  1387
       Scimitar          |       |       |       |       |     9 |       |       ||     9
 Fire: Hunting sling     |       |    64 |   261 |   781 |  1468 |       |       ||  2574
       Fustibalus        |       |       |       |       |   305 |   937 |   224 ||  1466
Throw: Stone             |    19 |    11 |       |     1 |       |    18 |       ||    49
       Dart              |     6 |    42 |    28 |    37 |       |     6 |       ||   119
       Boomerang         |       |       |       |     3 |       |       |       ||     3
       Throwing net      |       |       |       |       |       |     2 |       ||     2
 Cast: Poisonous Vapours |       |       |       |    67 |   246 |     3 |       ||   316
       Blink             |       |       |       |    33 |    93 |     9 |     1 ||   136
       Confusing Touch   |       |       |       |       |    12 |    76 |    14 ||   102
       Confuse           |       |       |       |       |    23 |    84 |    54 ||   161
       Tukima's Dance    |       |       |       |       |    11 |    85 |    24 ||   120
       Apportation       |       |       |       |       |       |     8 |     2 ||    10
       Invisibility      |       |       |       |       |       |     2 |     7 ||     9
Invok: Shadow Step       |       |       |       |       |       |       |     1 ||     1
Evoke: Wand              |       |       |       |     6 |     5 |       |       ||    11
  Use: Scroll            |       |     5 |     5 |    12 |    39 |    17 |     1 ||    79
       Potion            |       |       |     3 |     8 |     1 |     8 |       ||    20
 Stab: Sleeping          |     9 |     1 |     3 |    22 |     7 |    99 |    39 ||   180
       Confused          |       |       |       |       |    16 |   120 |    45 ||   181
       Invisible         |       |       |       |       |       |       |    19 ||    19
       Distracted        |       |       |       |       |       |       |     1 ||     1
  Eat: Chunk             |     3 |     8 |    13 |    37 |    46 |    32 |    17 ||   156
       Ration            |       |       |       |     2 |     4 |     9 |       ||    15
Armor: Leather armour    |    55 |    14 |    31 |       |       |       |       ||   100
       Ring mail         |       |       |    32 |    57 |       |       |       ||    89
       Troll leather arm |       |       |       |    92 |    16 |       |       ||   108
       Fire dragon scale |       |       |       |       |   411 |   401 |   117 ||   929
Dodge: Dodged            |    99 |    48 |    91 |   392 |   477 |   314 |   114 ||  1535
Block: Buckler           |       |       |       |   125 |   306 |   328 |    95 ||   854
       Reflection        |       |       |       |       |    31 |    58 |    25 ||   114
       Rpst.: Falchion   |       |       |     5 |    23 |       |       |       ||    28
       Scimitar          |       |       |       |       |     1 |       |       ||     1

Table legend:
 A = Non-vault XP
 B = Vault XP
 C = Vault XP percentage of total XP
 D = Non-vault monster count
 E = Vault monster count
 F = Vault count percentage of total count
                 A         B        C        D         E       F
            +---------+---------+-------+---------+---------+-------
      Total |  284567 |  180462 |  38.8 |     912 |     384 |  29.6
            +---------+---------+-------+---------+---------+-------
        D:1 |      59 |       0 |   0.0 |      32 |       0 |   0.0
        D:2 |      70 |       3 |   4.1 |      18 |       2 |  10.0
        D:3 |     187 |      73 |  28.1 |      11 |      14 |  56.0
        D:4 |      64 |      15 |  19.0 |       4 |       2 |  33.3
        D:5 |     566 |       0 |   0.0 |      16 |       0 |   0.0
        D:6 |     672 |       0 |   0.0 |      22 |       0 |   0.0
        D:7 |     565 |    1013 |  64.2 |      20 |       1 |   4.8
        D:8 |    2161 |     903 |  29.5 |      34 |       2 |   5.6
        D:9 |    2393 |     954 |  28.5 |      22 |       4 |  15.4
       D:10 |    2213 |       0 |   0.0 |      34 |       0 |   0.0
       D:11 |    3874 |    3678 |  48.7 |      29 |      32 |  52.5
       D:12 |    2657 |     198 |   6.9 |      30 |       1 |   3.2
       D:13 |    9114 |   10068 |  52.5 |      32 |      30 |  48.4
       D:14 |    4354 |    1997 |  31.4 |      31 |       4 |  11.4
       D:15 |   11827 |       0 |   0.0 |      33 |       0 |   0.0
     Lair:1 |    3139 |       0 |   0.0 |      16 |       0 |   0.0
     Lair:2 |    4168 |       0 |   0.0 |      17 |       0 |   0.0
     Lair:3 |    6533 |    3150 |  32.5 |      22 |      14 |  38.9
     Lair:4 |    3973 |    6892 |  63.4 |      19 |      38 |  66.7
     Lair:5 |    6015 |    1021 |  14.5 |      22 |       1 |   4.3
     Lair:6 |    5079 |    9962 |  66.2 |      16 |      21 |  56.8
   Shoals:1 |   19310 |    2943 |  13.2 |      41 |       1 |   2.4
   Shoals:2 |   17260 |    4077 |  19.1 |      31 |       5 |  13.9
   Shoals:3 |   18148 |    8998 |  33.1 |      41 |      10 |  19.6
   Shoals:4 |   18294 |   26610 |  59.3 |      33 |      28 |  45.9
    Snake:1 |   16510 |    3342 |  16.8 |      29 |       6 |  17.1
    Snake:2 |   18403 |    2580 |  12.3 |      41 |       2 |   4.7
    Snake:3 |   18405 |    3314 |  15.3 |      32 |       2 |   5.9
    Snake:4 |     912 |       0 |   0.0 |       2 |       0 |   0.0
      Orc:1 |    2737 |       0 |   0.0 |      19 |       0 |   0.0
      Orc:2 |    2508 |    8018 |  76.2 |      20 |      25 |  55.6
      Elf:1 |   12745 |    5050 |  28.4 |      22 |      11 |  33.3
   Vaults:1 |   33860 |   14346 |  29.8 |      57 |      25 |  30.5
   Vaults:2 |   31518 |   32888 |  51.1 |      60 |      49 |  45.0
   Vaults:3 |    4274 |    1157 |  21.3 |       4 |       1 |  20.0
     WizLab |       0 |   27212 | 100.0 |       0 |      53 | 100.0
            +---------+---------+-------+---------+---------+-------
